 Dungeon Crawl Stone Soup version 0.19.4-8-ga85b6b9 (webtiles) character file.

142376 loralnil the Severer (level 16, -1/155 HPs)
             Began as a Minotaur Fighter on Feb 6, 2017.
             Was the Champion of Okawaru.
             Killed from afar by a nagaraja (7 damage)
             ... with a bolt of poison
             ... on level 4 of the Snake Pit.
             The game lasted 01:11:20 (30430 turns).

loralnil the Severer (Minotaur Fighter)            Turns: 30430, Time: 01:11:22

Health: -1/155     AC: 31    Str: 31    XL:     16   Next: 80%
Magic:  20/20      EV: 10    Int:  5    God:    Okawaru [******]
Gold:   432        SH: 22    Dex: 11    Spells: 0 memorised, 15 levels left

rFire  . . .     SeeInvis +     l - +4 war axe (elec)
rCold  + . .     Gourm    .     V - +4 chain mail of Inviolability {+Blink rN+}
rNeg   + + .     Faith    .     L - +0 large shield (curse)
rPois  +         Spirit   .     M - +1 hat {SInv}
rElec  +         Reflect  .     c - +1 cloak "Hyinammi" {rElec Str+4}
rCorr  .         Harm     .     K - +2 pair of gloves
MR     +....                    P - +0 pair of boots {Fly}
Stlth  ..........               B - amulet "Qunwidui" {RegenMP +Fly rElec rPois rC+}
                                H - ring of positive energy
                                a - +3 ring of protection

@: lethally poisoned (-1 -> -30), about to teleport, flying, very slightly
contaminated
A: retaliatory headbutt, horns 2, icy blue scales 1, sense surroundings 1
a: Heroism, Finesse, Renounce Religion, Evoke Blink, Stop Flying


You were on level 4 of the Snake Pit.
You worshipped Okawaru.
Okawaru was exalted by your worship.
You were not hungry.

You visited 5 branches of the dungeon, and saw 28 of its levels.
You also visited: Ice Cave.

You collected 2807 gold pieces.
You spent 2375 gold pieces at shops.

Inventory:

Hand Weapons
 l - a +4 war axe of electrocution (weapon)
 w - a +3 broad axe of flaming
 Y - the +6 hand axe of Taablos {speed, rC- Int+7 SInv}
   (You found it on level 4 of the Lair of Beasts)

   Attacks with this weapon are significantly faster.
   It affects your intelligence (+7).
   It makes you vulnerable to cold.
   It lets you see invisible.
Armour
 c - the +1 cloak "Hyinammi" (worn) {rElec Str+4}
   (You bought it in a shop on level 2 of the Orcish Mines)

   It affects your strength (+4).
   It insulates you from electricity.
 G - a +2 scale mail of cold resistance
 K - a +2 pair of gloves (worn)
 L - a cursed +0 large shield (worn)
 M - a +1 hat of see invisible (worn)
 P - a +0 pair of boots of flying (worn)
 V - the +4 chain mail of Inviolability (worn) {+Blink rN+}
   (You found it on level 3 of the Lair of Beasts)

   It protects you from negative energy.
   It lets you blink.
Jewellery
 a - a +3 ring of protection (left hand)
 u - a +6 amulet of reflection
 v - an uncursed ring of ice
 B - the amulet "Qunwidui" (around neck) {RegenMP +Fly rElec rPois rC+}
   (You bought it in a shop on level 15 of the Dungeon)

   [amulet of magic regeneration]

   It increases your magic regeneration.
   It protects you from cold.
   It insulates you from electricity.
   It protects you from poison.
   It lets you fly.
 H - a ring of positive energy (right hand)
 J - an uncursed ring of protection from fire
Wands
 D - a wand of heal wounds (1/9)
 E - a wand of digging (21/24)
 O - a wand of iceblast (3/15)
Scrolls
 b - a scroll of fear
 e - 5 scrolls of remove curse
 g - 2 scrolls of identify
 j - 4 scrolls of immolation
 n - 6 scrolls of magic mapping
 o - 5 scrolls of fog
 t - a scroll of silence
 y - 3 scrolls of amnesia
 z - 11 scrolls of teleportation
 A - 6 scrolls of recharging
 I - 2 scrolls of vulnerability
 N - a scroll of blinking
Potions
 d - 2 potions of might
 h - 2 potions of resistance
 i - 3 potions of invisibility
 m - 2 potions of brilliance
 q - 9 potions of curing
 r - 5 potions of haste
 s - a potion of ambrosia
 x - a potion of agility
 C - 2 potions of berserk rage
 F - 4 potions of lignification
Comestibles
 f - 8 bread rations
 k - 12 meat rations
 R - a beef jerky


   Skills:
 + Level 17.1 Fighting
 + Level 19.2 Axes
 + Level 15.0 Armour
 + Level 6.1 Dodging
 - Level 0.1 Stealth
 + Level 16.2 Shields
 + Level 7.0 Invocations
 + Level 3.1 Evocations


You had 15 spell levels left.
You didn't know any spells.

Dungeon Overview and Level Annotations

Branches:
Dungeon (15/15)            Temple (1/1) D:4            Lair (6/6) D:11
 Shoals (0/4) Lair:2        Snake (4/4) Lair:3        Slime (0/5) Lair:6
    Orc (2/2) D:11            Elf (0/3) Orc:2        Vaults (0/5) D:14
 Depths (0/5) D:15

Altars:
Dithmenos
Elyvilon
Fedhas
Hepliaklqana
Kikubaaqudgha
Nemelex Xobeh
Okawaru
Ru
Trog
Xom
Yredelemnul
Beogh

Shops:
D:8 [   D:10 *(   D:11 }   D:15 =   Orc:2 *%*}

Portals:
Trove: D:10 (give 22 scrolls of identify)

Annotations:
Snake:4 Agnes


Innate Abilities, Weirdness & Mutations

You reflexively headbutt those who attack you in melee.
You have a pair of horns on your head.
You are partially covered in icy blue scales. (AC +2)
You passively map a small area around you.


Message History

The naga warrior shouts!
The naga warrior spits poison at you. The splash of poison hits you!
You are more poisoned.
You resist.
* * * LOW HITPOINT WARNING * * *
You feel sick. The nagaraja casts a spell at you. The poison arrow hits you!
You are more poisoned.
You partially resist.
* * * LOW HITPOINT WARNING * * *
You closely miss the nagaraja.
* * * LOW HITPOINT WARNING * * *
You feel sick.
The nagaraja gestures at you while chanting.
The bolt of poison hits you!
You are more poisoned.
You resist.
You die...

, #....#* * #....
*,##%#≈≈..≈♣♣#...***
+..#.♣≈...P≈♣♣..#
#.≈♣♣P≈≈N.≈≈P≈♣.##
.♣≈≈≈P≈.?..P≈≈♣♣.##
.♣≈≈≈≈≈....≈P≈♣♣..#
.♣≈P≈P≈P...≈≈≈♣♣..#
#♣♣≈≈≈P≈...≈≈♣♣♣@.#
#♣≈≈≈≈≈≈((..≈≈♣♣N.#
#♣≈≈≈≈≈i....≈≈♣.N.#
#.♣≈≈≈P≈≈..≈≈≈♣....
)..P≈≈≈≈≈...P♣#....#
...≈≈≈≈≈≈...♣.'...##
#..♣≈≈≈P≈.....#..##
#..♣≈≈≈≈≈..../#..#
#..<♣P≈≈≈######


You could see a naga warrior and a nagaraja.

Vanquished Creatures
  Rupert (Lair:5)
  Gastronok (Lair:2)
  A nagaraja (Snake:3)
  An orc warlord (Orc:1)
  A stone giant (Orc:1)
  A dire elephant (Lair:6)
  The ghost of Azzok the Cleaver, a journeyman DDFi of Makhleb (D:12)
  2 ettins
  Snorg (Lair:6)
  8 vault guards (D:14)
  8 naga warriors
  A rakshasa (D:15)
  Harold (Lair:2)
  10 hydras
  A centaur warrior (D:15)
  A merfolk avatar (Lair:6)
  8 anacondas
  6 death yaks
  A tengu warrior (D:15)
  Erica (Lair:2)
  8 orc high priests
  3 shock serpents
  7 naga sharpshooters
  Nergalle (Lair:2)
  2 salamander mystics
  4 sea snakes
  A deep troll (D:15)
  An unseen horror (D:12)
  A deep elf archer (D:15)
  6 hill giants
  A harpy (Lair:6)
  Pikel (D:8)
  2 naga ritualists
  A wolf spider zombie (D:15)
  A wolf spider (D:15)
  3 orc sorcerers
  3 mana vipers
  2 ugly things (IceCv)
  4 manticores
  2 deep elf magi
  3 cyclopes
  7 salamanders
  31 black mambas
  A siren (Lair:2)
  Maurice (D:14)
  2 ice statues (IceCv)
  3 guardian serpents
  Psyche (D:11)
  Joseph (Lair:1)
  3 centaur skeletons
  6 naga magi
  10 elephants
  12 spiny frogs
  2 kobold demonologists (D:15)
  4 rime drakes (Lair:6)
  11 komodo dragons
  An efreet (D:14)
  A tengu conjurer (D:15)
  8 polar bears
  6 trolls
  3 meliai (D:14)
  A two-headed ogre (D:15)
  8 slime creatures
  3 merfolk (Lair:2)
  A meliai zombie (D:14)
  A hornet (D:11)
  16 blink frogs
  14 hippogriffs
  Sigmund (D:4)
  Eustachio (D:4)
  A wraith (D:13)
  A wyvern (Lair:6)
  A human (D:9)
  4 basilisks
  36 yaks
  3 hungry ghosts
  4 hogs (D:9)
  3 vampire mosquitoes (D:12)
  9 wargs
  9 swamp worms (Lair:3)
  2 hell hounds (D:11)
  2 mottled dragons
  23 water moccasins
  33 nagas
  9 porcupines
  A floating eye (shapeshifter) (D:14)
  11 ice beasts
  3 sky beasts
  A hornet zombie (D:12)
  2 eyes of draining
  A slave (D:8)
  17 ogres
  20 orc warriors
  A phantom (D:10)
  2 black bears
  A necrophage (D:12)
  11 centaurs
  8 wolves
  12 crocodiles
  A big kobold (D:7)
  19 bullfrogs
  3 gnoll sergeants
  A wyvern zombie (D:14)
  A wyvern skeleton (D:15)
  3 scorpions
  10 killer bees
  20 wights
  3 electric eels
  4 howler monkeys
  8 crimson imps
  A centaur zombie (D:9)
  2 bullfrog zombies
  4 quasits
  5 hounds
  6 jellies
  39 orc priests
  A bullfrog skeleton (D:6)
  3 gnoll shamans
  5 iguanas
  23 orc wizards
  7 worker ants
  A hound skeleton (D:6)
  A worker ant zombie (D:6)
  A howler monkey skeleton (D:6)
  13 adders
  21 gnolls
  7 shadow imps
  An adder skeleton (D:5)
  10 worms
  A leopard gecko (D:2)
  96 orcs
  9 bats
  18 giant cockroaches
  12 hobgoblins
  13 jackals
  7 quokkas
  2 ball pythons
  4 frilled lizards
  11 goblins
  20 kobolds
  2 quokka skeletons
  4 rats
  8 fungi
  5 plants
940 creatures vanquished.

Vanquished Creatures (others)
  A human (D:5)
  A centaur (D:13)
  An orc wizard (D:13)
  An orc (Orc:2)
  5 fungi
  24 plants
33 creatures vanquished.

Grand Total: 973 creatures vanquished

Notes
Turn   | Place    | Note
-------+----------+-------------------------------------------
     0 | D:1      | loralnil the Minotaur Fighter began the quest for the Orb.
     0 | D:1      | Reached XP level 1. HP: 19/19 MP: 0/0
   221 | D:1      | Reached XP level 2. HP: 20/27 MP: 1/1
   704 | D:2      | Reached skill level 3 in Axes
   704 | D:2      | Reached XP level 3. HP: 30/33 MP: 2/2
   834 | D:2      | Found a sacrificial altar of Ru.
   837 | D:2      | Found a hazy altar of Hepliaklqana.
   837 | D:2      | Found a basalt altar of Yredelemnul.
   837 | D:2      | Found a shimmering altar of Xom.
  1248 | D:3      | Reached XP level 4. HP: 40/40 MP: 3/3
  1249 | D:3      | Reached skill level 4 in Axes
  1257 | D:3      | Found a sparkling altar of Nemelex Xobeh.
  1872 | D:4      | Found a staircase to the Ecumenical Temple.
  1909 | D:4      | Reached XP level 5. HP: 46/47 MP: 4/4
  1911 | Temple   | Entered the Ecumenical Temple
  1925 | Temple   | Became a worshipper of Warmaster Okawaru
  2021 | D:4      | Noticed Sigmund
  2030 | D:4      | Killed Sigmund
  2030 | D:4      | Reached skill level 5 in Axes
  2030 | D:4      | Reached skill level 1 in Dodging
  2030 | D:4      | Reached XP level 6. HP: 47/55 MP: 5/5
  2123 | D:4      | Reached skill level 5 in Shields
  2166 | D:4      | Noticed Eustachio
  2238 | D:4      | Killed Eustachio
  2238 | D:4      | Reached * piety under Okawaru
  2238 | D:4      | Reached skill level 5 in Fighting
  2238 | D:4      | Reached skill level 6 in Axes
  2481 | D:5      | Entered Level 5 of the Dungeon
  2505 | D:5      | Reached XP level 7. HP: 60/61 MP: 6/6
  2536 | D:5      | Reached skill level 5 in Armour
  3016 | D:5      | Reached ** piety under Okawaru
  3016 | D:5      | Reached skill level 7 in Axes
  3131 | D:5      | Found an ancient bone altar of Kikubaaqudgha.
  3136 | D:5      | Noticed a human
  3137 | D:5      | Killed a human
  3531 | D:6      | Reached XP level 8. HP: 70/70 MP: 7/7
  3993 | D:6      | Reached skill level 8 in Axes
  5020 | D:6      | Reached skill level 9 in Axes
  5038 | D:6      | Reached *** piety under Okawaru
  5118 | D:6      | Reached XP level 9. HP: 48/78 MP: 8/8
  5644 | D:6      | Reached **** piety under Okawaru
  5644 | D:6      | Reached skill level 10 in Axes
  6989 | D:8      | Reached skill level 11 in Axes
  7090 | D:8      | Found Coenages's Armour Emporium.
  7212 | D:8      | Reached XP level 10. HP: 57/88 MP: 9/9
  7751 | D:8      | Noticed Pikel
  7768 | D:8      | Killed Pikel
  7768 | D:8      | Reached ***** piety under Okawaru
  8284 | D:9      | Reached skill level 12 in Axes
  9251 | D:10     | Entered Level 10 of the Dungeon
  9267 | D:9      | Received a gift from Okawaru
  9267 | D:9      | Reached XP level 11. HP: 60/97 MP: 10/10
  9270 | D:9      | Reached skill level 10 in Armour
  9638 | D:10     | Noticed a hill giant
  9639 | D:10     | Noticed a hill giant
  9649 | D:10     | Killed a hill giant
  9649 | D:10     | Reached skill level 13 in Axes
  9654 | D:10     | Killed a hill giant
  9654 | D:10     | Reached skill level 10 in Fighting
  9918 | D:10     | Found a portal to a secret trove of treasure.
  9945 | D:10     | Identified a scroll of acquirement
  9948 | D:10     | Got an agate-encrusted plate armour
  9959 | D:10     | Identified the +2 plate armour of the Old World {Int+3} (You acquired it on level 10 of the Dungeon)
 10038 | D:10     | Found Utuimp's Assorted Antiques.
 10048 | D:10     | Bought a potion of heal wounds for 120 gold pieces
 10048 | D:10     | Bought a coppery potion for 21 gold pieces
 10048 | D:10     | Bought a scroll of teleportation for 72 gold pieces
 10048 | D:10     | Bought a potion of curing for 72 gold pieces
 10121 | D:10     | Found Haodghiu's Weapon Emporium.
 10129 | D:10     | Bought a +1 vampiric broad axe for 247 gold pieces
 10325 | D:11     | Found a staircase to the Lair.
 10681 | D:11     | Noticed Psyche
 10690 | D:11     | Killed Psyche
 10842 | D:11     | Reached skill level 1 in Invocations
 10871 | D:11     | Found Biskic's Gadget Shoppe.
 10969 | D:11     | Found a staircase to the Orcish Mines.
 10985 | D:11     | Received a gift from Okawaru
 10994 | D:11     | Identified a +2 pair of boots of running (Okawaru gifted it to you on level 11 of the Dungeon)
 11709 | D:12     | Noticed Azzok's ghost (journeyman DDFi)
 11731 | D:12     | Noticed an unseen horror
 11738 | D:12     | Killed Azzok's ghost
 11739 | D:12     | Found a frozen archway.
 11742 | D:12     | Killed an unseen horror
 11849 | IceCv    | Entered an ice cave
 11849 | IceCv    | Noticed a white ugly thing
 11860 | IceCv    | Killed a white ugly thing
 11882 | IceCv    | Noticed a white ugly thing
 11904 | IceCv    | Killed a white ugly thing
 11904 | IceCv    | Reached skill level 14 in Axes
 12315 | D:12     | Reached XP level 12. HP: 110/110 MP: 13/13
 13284 | D:13     | Noticed Maurice
 13303 | D:13     | Reached skill level 10 in Shields
 13312 | D:13     | Received a gift from Okawaru
 13420 | D:13     | You fall through a shaft!
 13601 | D:14     | Killed Maurice
 13908 | D:14     | Reached skill level 5 in Invocations
 14282 | D:14     | Found a gate to the Vaults.
 14282 | D:14     | Noticed a vault guard
 14282 | D:14     | Noticed a vault guard
 14282 | D:14     | Noticed a vault guard
 14283 | D:14     | Noticed a vault guard
 14283 | D:14     | Noticed a vault guard
 14283 | D:14     | Noticed a vault guard
 14283 | D:14     | Noticed a vault guard
 14285 | D:14     | Noticed a vault guard
 14310 | D:14     | Killed a vault guard
 14310 | D:14     | Reached skill level 15 in Axes
 14317 | D:14     | Killed a vault guard
 14325 | D:14     | Killed a vault guard
 14334 | D:14     | Killed a vault guard
 14341 | D:14     | Killed a vault guard
 14349 | D:14     | Killed a vault guard
 14353 | D:14     | Reached ****** piety under Okawaru
 14362 | D:14     | Killed a vault guard
 14371 | D:14     | Killed a vault guard
 14371 | D:14     | Reached XP level 13. HP: 118/118 MP: 16/16
 14436 | D:14     | Received a gift from Okawaru
 15014 | Lair:1   | Entered Level 1 of the Lair of Beasts
 15101 | Lair:1   | Reached skill level 16 in Axes
 15150 | Lair:1   | Noticed Joseph
 15160 | Lair:1   | Killed Joseph
 15669 | Lair:1   | Received a gift from Okawaru
 16298 | Lair:2   | Noticed Harold
 16308 | Lair:2   | Killed Harold
 16325 | Lair:2   | Noticed Gastronok
 16335 | Lair:2   | Killed Gastronok
 16440 | Lair:2   | Noticed Erica
 16447 | Lair:2   | Killed Erica
 16447 | Lair:2   | Received a gift from Okawaru
 16448 | Lair:2   | Found a staircase to the Shoals.
 16620 | Lair:2   | Noticed Nergalle
 16635 | Lair:2   | Killed Nergalle
 17107 | Lair:3   | Gained mutation: You possess an exceptional clarity of mind. [potion of mutation]
 17107 | Lair:3   | Gained mutation: You are frail. (-10% HP) [potion of mutation]
 17107 | Lair:3   | Gained mutation: Your muscles are strong. (Str +2) [potion of mutation]
 17164 | Lair:3   | Found a staircase to the Snake Pit.
 17544 | Lair:3   | Reached XP level 14. HP: 90/116 MP: 18/18
 17564 | Lair:3   | Got a bloodstained chain mail
 17575 | Lair:3   | Identified the +4 chain mail of Inviolability {+Blink rN+} (You found it on level 3 of the Lair of Beasts)
 17936 | Lair:4   | Got an ichor-stained hand axe
 17937 | Lair:4   | Identified the +6 hand axe of Taablos {speed, rC- Int+7 SInv} (You found it on level 4 of the Lair of Beasts)
 18155 | Lair:4   | Lost mutation: You possess an exceptional clarity of mind. [potion of cure mutation]
 18155 | Lair:4   | Lost mutation: You are frail. (-10% HP) [potion of cure mutation]
 18155 | Lair:4   | Lost mutation: Your muscles are strong. (Str +2) [potion of cure mutation]
 18156 | Lair:4   | Gained mutation: You are partially covered in icy blue scales. (AC +2) [potion of beneficial mutation]
 18581 | Lair:5   | Reached skill level 17 in Axes
 18802 | Lair:5   | Noticed Rupert
 18822 | Lair:5   | Killed Rupert
 18822 | Lair:5   | Received a gift from Okawaru
 19269 | Lair:5   | Got a distressingly furry ring mail
 19280 | Lair:5   | Identified the cursed +1 ring mail of the Duke {MR+} (You found it on level 5 of the Lair of Beasts)
 19564 | Lair:6   | Entered Level 6 of the Lair of Beasts
 19570 | Lair:6   | Reached skill level 1 in Evocations
 19589 | Lair:6   | Received a gift from Okawaru
 20391 | Lair:6   | Noticed Snorg
 20402 | Lair:6   | Killed Snorg
 20410 | Lair:6   | Received a gift from Okawaru
 20489 | Lair:5   | Reached XP level 15. HP: 21/139 MP: 19/19
 20858 | Lair:6   | Reached skill level 5 in Dodging
 20985 | Lair:6   | Found a staircase to the Slime Pits.
 21454 | Orc:1    | Entered Level 1 of the Orcish Mines
 21458 | Orc:1    | Reached skill level 15 in Fighting
 21566 | Orc:1    | Reached skill level 18 in Axes
 22476 | Orc:2    | Entered Level 2 of the Orcish Mines
 22677 | Orc:2    | Found a staircase to the Elven Halls.
 22687 | Orc:2    | Noticed an orc warlord
 22907 | Orc:1    | Killed an orc warlord
 23120 | Orc:2    | Received a gift from Okawaru
 23141 | Orc:2    | Found a roughly hewn altar of Beogh.
 23475 | Orc:2    | Found Suonuare's Assorted Antiques.
 23628 | Orc:2    | Bought a scroll of identify for 70 gold pieces
 23632 | Orc:2    | Found Ufaest's Gadget Shoppe.
 23741 | Orc:2    | Found Guikhoeg's General Store.
 23741 | Orc:2    | Found Linezun's Food Shoppe.
 24149 | Orc:2    | Bought the +1 cloak "Hyinammi" {rElec Str+4} for 446 gold pieces
 24149 | Orc:2    | Bought a potion of heal wounds for 70 gold pieces
 24149 | Orc:2    | Bought a scroll of silence for 105 gold pieces
 24614 | D:15     | Entered Level 15 of the Dungeon
 24758 | D:15     | Received a gift from Okawaru
 25438 | D:15     | Found Putud's Jewellery Shop.
 25451 | D:15     | Bought a +6 amulet of reflection for 350 gold pieces
 25476 | D:15     | Found a shadowy altar of Dithmenos.
 25656 | D:15     | Found a staircase to the Depths.
 25884 | D:15     | Bought the amulet "Qunwidui" {RegenMP +Fly rElec rPois rC+} for 802 gold pieces
 26334 | Snake:1  | Entered Level 1 of the Snake Pit
 26365 | Snake:1  | Received a gift from Okawaru
 27032 | Snake:1  | Reached XP level 16. HP: 134/151 MP: 20/20
 28096 | Snake:2  | Reached skill level 15 in Shields
 28268 | Snake:2  | Gained mutation: You passively map a small area around you. [potion of beneficial mutation]
 28644 | Snake:2  | Reached skill level 19 in Axes
 28663 | Snake:2  | Identified Laet's Guide on Flames and Poisoning
 28761 | Snake:2  | Received a gift from Okawaru
 30196 | Snake:4  | Entered Level 4 of the Snake Pit
 30352 | Snake:4  | Reached skill level 15 in Armour
 30362 | Snake:4  | Received a gift from Okawaru
 30415 | Snake:4  | Noticed Agnes
 30429 | Snake:4  | HP: 7/155 [nagaraja/poison arrow (33)]
 30430 | Snake:4  | Killed from afar by a nagaraja

Skill      XL: |  1  2  3  4  5  6  7  8  9 10 11 12 13 14 15 16 |
---------------+-------------------------------------------------+-----
Fighting       | 4 5 6 7 9 11 12 13 14 16 17 | 17.1
Axes           | 3 4 5 6 7 9 11 12 14 15 16 17 18 19 | 19.2
Armour         | 4 5 6 8 9 10 11 12 13 14 15 | 15.0
Shields        | 4 5 6 7 8 9 10 11 13 14 16 | 16.2
Dodging        | 1 2 3 4 5 6 |  6.1
Invocations    | 3 6 7 |  7.0
Evocations     | 3 |  3.1
Stealth        | |  0.1

Action                   |  1- 3 |  4- 6 |  7- 9 | 10-12 | 13-15 | 16-18 || total
-------------------------+-------+-------+-------+-------+-------+-------++-------
Melee: War axe           |   100 |   126 |   257 |       |  1057 |   368 ||  1908
       Headbutt          |    11 |    18 |    98 |   158 |   258 |    82 ||   625
       Hand axe          |       |       |   199 |   265 |    33 |       ||   497
       Broad axe         |       |       |       |   388 |    79 |       ||   467
Invok: Heroism           |       |       |       |     2 |     3 |     1 ||     6
Evoke: Wand              |       |       |       |     3 |     1 |       ||     4
  Use: Scroll            |       |       |     8 |    27 |    10 |     3 ||    48
       Potion            |       |       |     3 |     4 |    10 |     4 ||    21
  Eat: Chunk             |     1 |     4 |    11 |    15 |    23 |     4 ||    58
       Beef jerky        |       |       |     3 |     4 |     1 |       ||     8
       Fruit             |       |       |       |     4 |     6 |       ||    10
       Pizza             |       |       |       |     2 |     6 |       ||     8
       Meat ration       |       |       |       |     1 |       |     1 ||     2
       Royal jelly       |       |       |       |       |     1 |     1 ||     2
       Bread ration      |       |       |       |       |     1 |       ||     1
Armor: Scale mail        |    37 |       |       |       |       |       ||    37
       Chain mail        |    28 |   102 |   211 |    47 |   433 |   107 ||   928
       Plate armour      |       |       |       |   281 |   147 |       ||   428
Dodge: Dodged            |    30 |    55 |   159 |   191 |   411 |    79 ||   925
Block: Shield            |    75 |    91 |    83 |       |       |       ||   249
       Buckler           |       |       |    94 |   255 |   548 |       ||   897
       Reflection        |       |       |       |     3 |    17 |       ||    20
       Large shield      |       |       |       |       |    19 |   393 ||   412
